 Dungeon Crawl Stone Soup version 0.31-a0-185-g9dded2c639 (webtiles) character file.

Game seed: 14792693535114384557

375 qw the Skirmisher (level 6, -11/36 HPs)
             Began as a Deep Elf Hunter on June 22, 2023.
             Mangled by an ogre
             ... wielding a +0 giant club
              (27 damage)
             ... on level 4 of the Dungeon.
             The game lasted 00:01:40 (2945 turns).

qw the Skirmisher (Deep Elf Hunter)                 Turns: 2945, Time: 00:01:40

Health: -11/36     AC:  6    Str: 10    XL:     6   Next: 44%
Magic:  8/8        EV: 11    Int: 14    God:
Gold:   131        SH:  0    Dex: 18    Spells: 5/5 levels left

rFire   . . .        Y - +0 shortbow (freeze)
rCold   . . .        (shield currently unavailable)
rNeg    . . .        f - +0 ring mail
rPois   .            (no helmet)
rElec   .            (no cloak)
rCorr   .            (no gloves)
SInv    .            c - +0 pair of boots
Will    .....        (no amulet)
Stlth   +            (no ring)
HPRegen 0.26/turn    (no ring)
MPRegen 0.11/turn

%: no passive effects
@: no status effects
A: no striking features
a: no special abilities


You were on level 4 of the Dungeon.
You visited 2 branches of the dungeon, and saw 5 of its levels.

You collected 131 gold pieces.


   Skills:
 - Level 2.8 Fighting
 + Level 9.5 Ranged Weapons
 - Level 2.4 Dodging
 - Level 1.2 Stealth


You had 5 spell levels left.
You didn't know any spells.
Your spell library was empty.

Inventory:

Hand Weapons
 Y - a +0 shortbow of freezing (weapon)
Armour
 c - a +0 pair of boots (worn)
 f - a +0 ring mail (worn)
Jewellery
 e - a ring of ice
Scrolls
 a - a scroll of identify
Potions
 b - a potion of haste
 d - a potion of cancellation
 g - a potion of heal wounds {unknown}
 h - a potion of lignification {unknown}
 i - a potion of degeneration {unknown}
 j - a potion of mutation {unknown}

Dungeon Overview and Level Annotations

Branches:
Dungeon (4/15)             Temple (1/1) D:4

Altars:
Ashenzari
Dithmenos
Elyvilon
Fedhas
Makhleb
Qazlal
Ru
Sif Muna
Trog
Uskayaw
Vehumet
Xom
Yredelemnul
Zin
The Shining One

Shops:
D:4 :


Message History

(D) Dungeon (T) Temple
Where to? (* - list waypoints, Enter - Temple, ? - help)
What level of the Dungeon? (default 4, ? - help)
There is a staircase back to the Dungeon here.
You climb upwards.
Welcome back to the Dungeon!
There is a staircase to the Ecumenical Temple here.
You open the door.
There is an open door here.
You open the door.
There is an open door here.
There is a staircase to the Ecumenical Temple here.
You open the door.
There is an open door here.
Found a chain mail.
Found a stone staircase leading down.
Enter note: An endoplasm comes into view.
Enter note: You shoot an arrow.
The arrow hits the endoplasm.
The arrow freezes the endoplasm.
The endoplasm quivers.
The endoplasm is severely wounded.
You hear a shout!
You shoot an arrow.
The arrow completely misses the endoplasm.
You shoot an arrow. The arrow hits the endoplasm!
The arrow freezes the endoplasm.
You kill the endoplasm!
An ogre comes into view. It is wielding a +0 giant club.
Enter note: You shoot an arrow.
The arrow hits the ogre!
The arrow freezes the ogre.
The ogre is moderately wounded.
You shoot an arrow. The arrow barely misses the ogre.
You shoot an arrow. The arrow barely misses the ogre.
The ogre hits you with a +0 giant club!!
Ouch! That really hurt!
You shoot an arrow. The arrow barely misses the ogre.
The ogre hits you with a +0 giant club!!
Ouch! That really hurt!
You die...

..# . ## #.# .# #
# .# #.# ..# #.##.
.##.##..### ...#
..[...... ..# ....
.###
..####.###.##.....
....\..@O......#
.#########.###>#
###..## .#
.####.....##.#
.............#
.#.#.#.#.#...#
#.........#.#
.#.#.#.#.#..#
............#


You could see an ogre.

Vanquished Creatures
  A sky beast (D:3)
  3 orc priests
  Terence (D:2)
  8 adders
  3 worms
  3 dart slugs
  8 orcs (D:3)
  11 bats
  6 endoplasms
  4 giant cockroaches
  5 hobgoblins
  5 quokkas
  4 ball pythons
  6 frilled lizards
  A goblin (D:1)
  7 kobolds
  5 rats
81 creatures vanquished.

Notes
Turn   | Place    | Note
-------+----------+-------------------------------------------
     0 | D:1      | qw the Deep Elf Hunter began the quest for the Orb.
     0 | D:1      | Reached XP level 1. HP: 12/12 MP: 3/3
     0 | D:1      | 0 ||| qw: Version: 0.3-a-9-g12657ce
     0 | D:1      | 0 ||| qw: Game counter: 1894
     0 | D:1      | 0 ||| qw: Always use a shield: true
     0 | D:1      | 0 ||| qw: God list: Okawaru
     0 | D:1      | 0 ||| qw: Allow faded altars: false
     0 | D:1      | 0 ||| qw: Do Orc after D:15 true
     0 | D:1      | 0 ||| qw: Do second Lair branch before Depths: true
     0 | D:1      | 0 ||| qw: Lair rune preference: random
     0 | D:1      | 0 ||| qw: Plans: Normal
     0 | D:1      | 0 ||| PLANNING D:1-11
    39 | D:1      | Reached XP level 2. HP: 16/16 MP: 4/4
    54 | D:1      | Reached skill level 6 in Ranged Weapons
   158 | D:1      | Found a faded altar of an unknown god.
   593 | D:1      | 593 ||| UPGRADING to +0 ring mail.
   603 | D:1      | 603 ||| DROPPING +0 leather armour.
   604 | D:1      | 604 ||| READING scroll labelled WUPTOR WORUUT.
   605 | D:1      | 605 ||| READING scroll labelled QAGOECEWKI.
   609 | D:1      | 609 ||| READING scroll labelled WEEGGA SEVIHONG.
   610 | D:1      | 610 ||| READING scroll labelled NEDEEDW BUUZ.
   611 | D:1      | 611 ||| READING scroll labelled CEUH SUBUSCH.
   612 | D:1      | 612 ||| DROPPING scroll of butterflies.
   654 | D:2      | 654 ||| STAIRDANCE
   657 | D:1      | HP: 4/16 [adder (4)]
   659 | D:1      | HP: 1/16 [poisoned by an adder]
   660 | D:1      | Reached XP level 3. HP: 2/20 MP: 5/5
   759 | D:2      | 759 ||| FLEEEEING.
   767 | D:2      | 767 ||| STAIRDANCE
   817 | D:2      | Reached skill level 7 in Ranged Weapons
   973 | D:2      | Reached XP level 4. HP: 24/25 MP: 6/6
  1079 | D:2      | Noticed Terence
  1087 | D:2      | Killed Terence
  1088 | D:2      | Reached skill level 8 in Ranged Weapons
  1165 | D:2      | Found a shadowy altar of Dithmenos.
  1462 | D:2      | 1462 ||| UPGRADING to +0 pair of boots.
  1467 | D:2      | 1467 ||| READING 2 scrolls labelled DUWEUPH IBURA.
  1468 | D:2      | 1468 ||| DROPPING scroll of fear.
  1701 | D:2      | 1701 ||| Stepping randomly (stuck).
  1879 | D:3      | Reached XP level 5. HP: 29/29 MP: 7/7
  1983 | D:3      | Reached skill level 9 in Ranged Weapons
  2073 | D:3      | Noticed a sky beast
  2091 | D:3      | HP: 7/30 [something (1)]
  2091 | D:3      | HP: 2/30 [something (5)]
  2093 | D:3      | Killed a sky beast
  2094 | D:3      | Reached XP level 6. HP: 3/36 MP: 8/8
  2232 | D:3      | 2232 ||| FLEEEEING.
  2233 | D:3      | 2233 ||| FLEEEEING.
  2234 | D:3      | 2234 ||| FLEEEEING.
  2235 | D:3      | 2235 ||| FLEEEEING.
  2236 | D:3      | 2236 ||| FLEEEEING.
  2237 | D:3      | 2237 ||| FLEEEEING.
  2238 | D:3      | 2238 ||| FLEEEEING.
  2239 | D:3      | 2239 ||| FLEEEEING.
  2240 | D:3      | 2240 ||| FLEEEEING.
  2241 | D:3      | 2241 ||| FLEEEEING.
  2242 | D:3      | 2242 ||| FLEEEEING.
  2243 | D:3      | 2243 ||| FLEEEEING.
  2244 | D:3      | 2244 ||| FLEEEEING.
  2245 | D:3      | 2245 ||| FLEEEEING.
  2246 | D:3      | 2246 ||| FLEEEEING.
  2247 | D:3      | 2247 ||| FLEEEEING.
  2248 | D:3      | 2248 ||| FLEEEEING.
  2249 | D:3      | 2249 ||| FLEEEEING.
  2250 | D:3      | 2250 ||| FLEEEEING.
  2251 | D:3      | 2251 ||| FLEEEEING.
  2254 | D:3      | 2254 ||| FLEEEEING.
  2255 | D:3      | 2255 ||| STAIRDANCE
  2328 | D:2      | 2328 ||| READING 2 scrolls of identify.
  2328 | D:2      | 2328 ||| IDENTIFYING murky coppery potion
  2337 | D:3      | 2337 ||| STAIRDANCE
  2395 | D:3      | Found a sacrificial altar of Ru.
  2604 | D:3      | 2604 ||| READING 2 scrolls of identify.
  2604 | D:3      | 2604 ||| IDENTIFYING murky pink potion
  2676 | D:4      | Found a staircase to the Ecumenical Temple.
  2677 | D:4      | 2677 ||| PLANNING TEMPLE
  2683 | Temple   | Entered the Ecumenical Temple
  2861 | Temple   | 2861 ||| PLANNING D:1-11
  2934 | D:4      | Found Tioru Yse's Book Shoppe.
  2945 | D:4      | Mangled by an ogre

Levels and vault maps discovered:
D:1:      dpeg_arrival_rooms_with_view, layout_basic,
          hellmonk_ecumenical_altar_crossroads
D:2:      minmay_inner_zag, layout_loops_cross, basic_altar, minmay_tromino_v2,
          uniq_terence
D:3:      layout_rooms, nicolae_ru_sacrificial_ziggurat
D:4:      layout_loops_ring, minmay_temple_entry_hall, serial_rivers,
          chequers_serial_rivers_micro_b, chequers_serial_rivers_micro_e,
          chequers_serial_rivers_small_3, chequers_serial_rivers_large_b,
          serial_shops, nicolae_shop_tiny_real_fake_doors,
          nicolae_shop_gaudy_bauble, shop, kennysheep_mini,
          nicolae_diamond_shop, hex_medium, uniq_blork_the_orc
Temple:   eino_temple_water

Skill      XL: |  1  2  3  4  5 |
---------------+----------------+-----
Ranged Weapons | 6 7 8 9 |  9.5
Fighting       | 2 |  2.8
Dodging        | |  2.4
Stealth        | |  1.2

Action                     |  1- 3 |  4- 6 || total
---------------------------+-------+-------++-------
   Fire: Shortbow          |    94 |   124 ||   218
    Use: Scroll            |     5 |     3 ||     8
 Armour: Ring mail         |     8 |    20 ||    28
         Leather armour    |     3 |       ||     3
  Dodge: Dodged            |    20 |    14 ||    34

Table legend:
 A = Non-vault XP
 B = Vault XP
 C = Vault XP percentage of total XP
 D = Non-vault monster count
 E = Vault monster count
 F = Vault count percentage of total count
                 A         B        C        D         E       F
            +---------+---------+-------+---------+---------+-------
      Total |     482 |      54 |  10.1 |      72 |       9 |  11.1
            +---------+---------+-------+---------+---------+-------
        D:1 |      43 |       4 |   8.5 |      21 |       2 |   8.7
        D:2 |     116 |      50 |  30.1 |      17 |       7 |  29.2
        D:3 |     301 |       0 |   0.0 |      30 |       0 |   0.0
        D:4 |      22 |       0 |   0.0 |       4 |       0 |   0.0
            +---------+---------+-------+---------+---------+-------
